 Dungeon Crawl Stone Soup version 0.26.1-10-gdfb7c7de75 (webtiles) character file.

Game seed: 4469916924465686648

94360 phalm the Blocker (level 16, -9/100 HPs)
             Began as a Gargoyle Fighter on Apr 10, 2021.
             Was the Champion of Okawaru.
             Mangled by a two-headed ogre
             ... wielding a +0 giant spiked club
              (16 damage)
             ... on level 2 of the Orcish Mines.
             The game lasted 01:04:49 (32307 turns).

phalm the Blocker (Gargoyle Fighter)               Turns: 32307, Time: 01:04:50

Health: -9/100     AC: 30    Str: 25    XL:     16   Next: 11%
Magic:  13/23      EV: 10    Int: 11    God:    Okawaru [******]
Gold:   1450       SH: 15    Dex:  9    Spells: 21/25 levels left

rFire    + + .     SeeInvis .   b - +5 morningstar
rCold    + . .     Faith    .   x - +1 kite shield {reflect}
rNeg     + . .     Spirit   .   k - +4 scale mail {rF+}
rPois    ∞         Reflect  +   H - +1 helmet
rElec    +         Harm     .   F - scarf {repulsion}
rCorr    .         Rampage  .   G - +0 pair of gloves
Will     +....                  d - +0 pair of boots {Stlth+}
Stlth    +.........             r - amulet of the acrobat
HPRegen  0.26/turn              C - ring of protection from cold
MPRegen  0.18/turn              E - ring of protection from fire

@: slowed, repel missiles, very slow
A: big wings, negative energy resistance 1, electricity resistance, unbreathing,
petrification resistance, miasma immunity, AC +12
a: Fly, Renounce Religion, Heroism, Finesse


You were on level 2 of the Orcish Mines.
You worshipped Okawaru.
Okawaru was exalted by your worship.
You visited 4 branches of the dungeon, and saw 20 of its levels.
You also visited: Sewer and Ice Cave.

You collected 1926 gold pieces.
You spent 476 gold pieces at shops.

Inventory:

Hand Weapons
 b - a +5 morningstar (weapon)
 o - a +0 dagger
Armour
 d - a +0 pair of boots of stealth (worn)
 i - a +1 chain mail of willpower
 k - a +4 scale mail of fire resistance (worn)
 x - a +1 kite shield of reflection (worn)
 F - a scarf of repulsion (worn)
 G - a +0 pair of gloves (worn)
 H - a +1 helmet (worn)
Jewellery
 q - an uncursed ring of positive energy
 r - an amulet of the acrobat (around neck)
 C - a ring of protection from cold (left hand)
 E - a ring of protection from fire (right hand)
 O - an uncursed ring of protection from cold
Wands
 c - a wand of flame (14)
 D - a wand of polymorph (9)
Scrolls
 e - 3 scrolls of enchant armour
 f - 3 scrolls of magic mapping
 g - a scroll of fear
 l - 6 scrolls of immolation
 m - 13 scrolls of teleportation
 n - a scroll of fog {unknown}
 t - 3 scrolls of remove curse
 A - a scroll of enchant weapon {unknown}
 B - 2 scrolls of blinking
 I - a scroll of summoning {unknown}
 L - a scroll of torment {unknown}
Potions
 a - a potion of mutation {unknown}
 h - 4 potions of flight
 j - 2 potions of magic
 s - 2 potions of attraction
 v - a potion of haste
 w - 2 potions of lignification
 y - 3 potions of brilliance
 z - a potion of cancellation {unknown}
 J - a potion of berserk rage {unknown}


   Skills:
 + Level 11.0 Fighting
 * Level 13.2 Maces & Flails
 + Level 10.8 Armour
 * Level 14.4 Shields
 - Level 5.0 Spellcasting
 - Level 9.0 Translocations
 - Level 5.0 Transmutations
 * Level 9.4 Earth Magic
 + Level 8.7 Invocations
 + Level 2.1 Evocations


You had 21 spell levels left.
You knew the following spells:

 Your Spells              Type           Power        Failure   Level
a - Blink                 Tloc           N/A          1%          2
b - Passwall              Tmut/Erth      15%          3%          2

Your spell library contained the following spells:

 Spells                   Type           Power        Failure   Level
 Sandblast                Erth           46%          1%          1
 Stone Arrow              Conj/Erth      26%          21%         3
 Petrify                  Tmut/Erth      18%          24%         4
 Lee's Rapid Deconstruct  Erth           11%          26%         5
 Corona                   Hex            2%           41%         1
 Foxfire                  Conj/Fire      8%           41%         1
 Freeze                   Ice            8%           41%         1
 Magic Dart               Conj           8%           41%         1
 Summon Small Mammal      Summ           8%           41%         1
 Call Imp                 Summ           2%           56%         2
 Ensorcelled Hibernation  Hex/Ice        4%           56%         2
 Poisonous Vapours        Pois/Air       4%           56%         2
 Slow                     Hex            2%           56%         2
 Call Canine Familiar     Summ           2%           80%         3
 Confusing Touch          Hex            2%           80%         3
 Conjure Flame            Conj/Fire      2%           80%         3
 Dazzling Flash           Conj/Hex       4%           80%         3
 Frozen Ramparts          Ice            4%           80%         3
 Inner Flame              Hex/Fire       2%           80%         3
 Mephitic Cloud           Conj/Pois/Air  2%           80%         3
 Ozocubu's Armour         Ice            2%           80%         3
 Summon Guardian Golem    Hex/Summ       2%           80%         3
 Tukima's Dance           Hex            2%           80%         3
 Ice Form                 Ice/Tmut       8%           85%         4
 Borgnjor's Vile Clutch   Necr/Erth      6%           88%         5
 Bolt of Magma            Conj/Fire/Erth 4%           98%         5
 Animate Dead             Necr           1%           99%         4
 Dispel Undead            Necr           2%           99%         4
 Hailstorm                Conj/Ice       2%           99%         4
 Sticky Flame             Conj/Fire      2%           99%         4
 Summon Ice Beast         Ice/Summ       2%           99%         4
 Summon Lightning Spire   Summ/Air       2%           99%         4
 Fireball                 Conj/Fire      1%           100%        5
 Iskenderun's Battlesphe  Conj           2%           100%        5
 Death Channel            Necr           1%           100%        6
 Freezing Cloud           Conj/Ice/Air   1%           100%        6
 Iron Shot                Conj/Erth      6%           100%        6
 Simulacrum               Ice/Necr       1%           100%        6
 Orb of Destruction       Conj           1%           100%        7
 Spellforged Servitor     Conj/Summ      1%           100%        7


Dungeon Overview and Level Annotations

Branches:
Dungeon (11/15)            Temple (1/1) D:7            Lair (6/6) D:10
 Shoals (0/4) Lair:2        Snake (0/4) Lair:2        Slime (0/5) Lair:5
    Orc (2/2) D:10          Sewer (visited)           IceCv (visited)
    Elf: Orc:2

Altars:
Ashenzari
Cheibriados
Dithmenos
Elyvilon
Fedhas
Gozag
Hepliaklqana
Kikubaaqudgha
Makhleb
Nemelex Xobeh
Okawaru
Qazlal
Ru
Sif Muna
Trog
Uskayaw
Vehumet
Wu Jian
Xom
Yredelemnul
Zin
The Shining One

Shops:
D:6 [   Orc:2 }(!*

Annotations:
Lair:1 exclusion: oklob plant
Lair:3 exclusion: oklob plant


Innate Abilities, Weirdness & Mutations

You are resistant to torment.
Your stone body is resilient. (AC +12)
You are immune to poison.
Your large and strong wings let you fly indefinitely.
You resist negative energy. (rN+)
You are resistant to electric shocks. (rElec)
You can survive without breathing.
You are immune to petrification.
You are immune to miasma.


Message History

Your hands slow down.
The two-headed ogre completely misses you.
The two-headed ogre hits you but does no damage.
You hit the two-headed ogre.
Flame seeps out of the two-headed ogre.
The two-headed ogre is lightly wounded.
Cornered, the two-headed ogre turns to fight!
The two-headed ogre is engulfed in blazing flames.
Flame seeps out of the two-headed ogre.
You block the two-headed ogre's attack.
The two-headed ogre hits you but does no damage.
You hit the two-headed ogre.
Flame seeps out of the two-headed ogre.
The two-headed ogre is moderately wounded.
The two-headed ogre is engulfed in blazing flames.
Flame seeps out of the two-headed ogre.
The two-headed ogre hits you with a +0 giant spiked club!
* * * LOW HITPOINT WARNING * * *
You block the two-headed ogre's attack.
The two-headed ogre is engulfed in blazing flames.
Flame seeps out of the two-headed ogre.
The two-headed ogre hits you with a +0 giant spiked club!
You die...

...........................##
..........................##.
.........................#...
#.............)).......))....
#................[.....#.)..)
.................).....)....)
.....................).##...#
####..########........##
........@...####...##.###
.........O.....##..######.
................#..# #...
......∩∩...........# #...
......∩∩.O.........# ##..
...........O....#..# ###
...............##..# #
#.....O).....####..#
######.O########O..#


You could see 3 two-headed ogres and an ogre mage (fast, inner flame).

Vanquished Creatures
  A frost giant (IceCv)
  An emperor scorpion (Orc:2)
  The ghost of Panli the Archer, a journeyman CeAM of Okawaru (Lair:5)
  Snorg (Lair:6)
  The ghost of Gadrel the Blocker, a journeyman OpFi of Gozag (Lair:2)
  Harold (Lair:1)
  13 hydras
  2 boulder beetles
  4 catoblepae
  2 ogre magi (Orc:2)
  A dancing weapon (Lair:5)
  The ghost of tardwrangler69 the Cleaver, a novice MiFi of Makhleb (D:10)
  12 two-headed ogres
  An orc high priest (Orc:1)
  9 death yaks
  An unseen horror (D:10)
  A harpy (shapeshifter) (D:9)
  A lindwurm (Lair:6)
  2 orc knights
  2 orc sorcerers (Orc:2)
  2 cyclopes
  4 manticores
  12 elephants
  An ice statue (IceCv)
  18 cane toads
  13 black mambas
  2 gargoyles (D:10)
  2 torpor snails
  6 rime drakes
  Maggie (D:7)
  9 komodo dragons
  3 trolls
  21 polar bears
  Prince Ribbit (D:5)
  A wind drake (Lair:2)
  10 blink frogs
  7 dream sheep
  Sigmund (D:4)
  50 yaks
  5 wyverns
  5 basilisks
  Edmund (D:5)
  4 nagas (Lair:2)
  A soldier ant (D:9)
  11 wargs
  Menkaure (D:4)
  18 water moccasins
  4 ice beasts
  3 sky beasts
  27 ogres
  4 phantoms
  2 black bears
  28 orc warriors
  27 wolves
  8 centaurs
  8 big kobolds
  22 bullfrogs
  4 gnoll sergeants
  5 scorpions
  7 killer bees
  7 wights
  A howler monkey (D:10)
  3 electric eels (D:10)
  A bullfrog zombie (D:7)
  A centaur zombie (D:6)
  24 orc wizards
  2 bullfrog skeletons
  3 hounds
  15 jellies
  2 centaur skeletons
  A gnoll shaman (D:8)
  8 orc priests
  Crazy Yiuf (D:2)
  2 iguanas
  Natasha (thrice) (D:2)
  4 worker ants
  7 hell rats (Lair:4)
  A hound zombie (D:8)
  2 hound skeletons
  A worker ant zombie (D:8)
  23 gnolls
  2 river rats (Sewer)
  13 adders
  A shadow imp (D:8)
  4 white imps
  2 ufetubi
  3 oozes
  An adder skeleton (D:6)
  7 worms
  2 dart slugs
  8 leopard geckos
  86 orcs
  5 ball pythons
  13 giant cockroaches
  3 goblins
  10 hobgoblins
  16 jackals
  7 quokkas
  11 bats
  3 frilled lizards
  20 kobolds
  A leopard gecko skeleton (D:4)
  A quokka zombie (D:5)
  11 rats
759 creatures vanquished.

Vanquished Creatures (others)
  A rime drake (IceCv)
  A yak (IceCv)
  A wolf (IceCv)
  An orc wizard (Orc:1)
  22 fungi
  90 plants
116 creatures vanquished.

Grand Total: 875 creatures vanquished

Notes
Turn   | Place    | Note
-------+----------+-------------------------------------------
     0 | D:1      | phalm the Gargoyle Fighter began the quest for the Orb.
     0 | D:1      | Reached XP level 1. HP: 14/14 MP: 1/1
   354 | D:1      | Reached XP level 2. HP: 19/19 MP: 2/2
   874 | D:1      | Reached XP level 3. HP: 21/23 MP: 3/3
  1476 | D:2      | Reached skill level 4 in Shields
  1476 | D:2      | Reached XP level 4. HP: 27/29 MP: 4/4
  1682 | D:2      | Noticed Natasha
  1699 | D:2      | Killed Natasha
  1853 | D:2      | Found a runed translucent door.
  1854 | D:2      | Noticed Crazy Yiuf
  1883 | D:2      | Reached XP level 5. HP: 30/33 MP: 5/5
  1913 | D:2      | Killed Crazy Yiuf
  2156 | D:2      | Noticed Natasha
  2166 | D:2      | Killed Natasha
  2273 | D:2      | Noticed Natasha
  2284 | D:2      | Killed Natasha
  2558 | D:3      | Found a glowing drain.
  2579 | D:3      | Reached XP level 6. HP: 32/38 MP: 6/6
  2600 | Sewer    | Entered a sewer
  2709 | Sewer    | Reached skill level 5 in Shields
  2926 | Sewer    | Reached XP level 7. HP: 44/44 MP: 7/7
  3239 | Sewer    | Reached skill level 5 in Maces & Flails
  3239 | Sewer    | Reached skill level 6 in Shields
  3242 | Sewer    | Reached skill level 5 in Fighting
  3242 | Sewer    | Reached skill level 5 in Armour
  3605 | D:3      | Learned a level 2 spell: Blink
  4010 | D:3      | Found a glowing golden altar of the Shining One.
  4123 | D:4      | Noticed Sigmund
  4135 | D:4      | Killed Sigmund
  4136 | D:4      | Reached skill level 1 in Translocations
  4136 | D:4      | Reached XP level 8. HP: 49/49 MP: 8/8
  4210 | D:4      | Noticed Menkaure
  4217 | D:4      | Killed Menkaure
  4406 | D:4      | Reached skill level 1 in Spellcasting
  4613 | D:5      | Entered Level 5 of the Dungeon
  4837 | D:5      | Reached skill level 7 in Shields
  5505 | D:5      | Reached XP level 9. HP: 52/55 MP: 11/11
  6051 | D:6      | Found Cial's Antique Armour Shoppe.
  6059 | D:6      | Bought a pair of crude boots for 266 gold pieces
  6064 | D:6      | Identified the +1 pair of boots of Music {rElec rC- Regen+}
                  | (You bought it in a shop on level 6 of the Dungeon)
  6119 | D:6      | Noticed Edmund
  6120 | D:6      | Noticed Prince Ribbit
  6350 | D:5      | Killed Edmund
  6379 | D:5      | Killed Prince Ribbit
  6380 | D:5      | Reached skill level 8 in Shields
  6964 | D:7      | Found an ancient bone altar of Kikubaaqudgha.
  6966 | D:7      | Found a sacrificial altar of Ru.
  6967 | D:7      | Found a white marble altar of Elyvilon.
  7202 | D:7      | Found a hazy altar of Hepliaklqana.
  7406 | D:7      | Reached XP level 10. HP: 61/61 MP: 14/14
  7425 | D:7      | Noticed Maggie
  7430 | D:7      | Noticed a two-headed ogre
  7435 | D:7      | Killed Maggie
  7691 | D:6      | Killed a two-headed ogre
  7692 | D:6      | Reached skill level 5 in Translocations
  7706 | D:7      | Reached skill level 9 in Shields
  7742 | D:7      | Noticed a manticore
  7752 | D:7      | Killed a manticore
  7884 | D:7      | Found a staircase to the Ecumenical Temple.
  7915 | Temple   | Entered the Ecumenical Temple
  7943 | Temple   | Became a worshipper of Warmaster Okawaru
  8446 | D:8      | Found a basalt altar of Yredelemnul.
  8476 | D:8      | Found a sacrificial altar of Ru.
  8575 | D:8      | Found a shadowy altar of Dithmenos.
  8809 | D:8      | Reached skill level 1 in Invocations
  9031 | D:8      | Reached * piety under Okawaru
  9054 | D:8      | Noticed a five-headed hydra
  9066 | D:8      | Killed a five-headed hydra
  9067 | D:8      | Reached XP level 11. HP: 33/67 MP: 16/16
  9874 | D:9      | Found a blossoming altar of Fedhas.
  9987 | D:9      | Found a glowing silver altar of Zin.
 10510 | D:9      | Noticed a harpy
 10510 | D:9      | a hornet changed into a harpy
 10513 | D:9      | Killed a harpy
 10671 | D:9      | Found a shimmering blue altar of Sif Muna.
 10710 | D:10     | Entered Level 10 of the Dungeon
 10767 | D:10     | Killed an unseen horror
 11121 | D:10     | Reached skill level 10 in Shields
 11445 | D:10     | Noticed a two-headed ogre
 11458 | D:10     | Killed a two-headed ogre
 11458 | D:10     | Reached ** piety under Okawaru
 11683 | D:10     | Got a faintly humming ring mail
 11694 | D:10     | Identified the cursed +0 ring mail of Gravitas {Will+
                  | Str+4} (You found it on level 10 of the Dungeon)
 11824 | D:10     | Found a staircase to the Orcish Mines.
 11921 | D:10     | Found a runed translucent door.
 11922 | D:10     | Noticed tardwrangler69's ghost (novice MiFi)
 11948 | D:10     | Reached *** piety under Okawaru
 12478 | D:10     | Found a staircase to the Lair.
 12722 | D:10     | HP: 1/68 [tardwrangler69's ghost (15)]
 12730 | D:10     | Killed tardwrangler69's ghost
 12960 | Lair:1   | Entered Level 1 of the Lair of Beasts
 13052 | Lair:1   | Reached XP level 12. HP: 55/73 MP: 19/19
 13159 | Lair:1   | Noticed Harold
 13177 | Lair:1   | Killed Harold
 13177 | Lair:1   | Reached **** piety under Okawaru
 14020 | Lair:2   | Found a frozen archway.
 14035 | IceCv    | Entered an ice cave
 14049 | IceCv    | Reached skill level 5 in Spellcasting
 14825 | IceCv    | Found the +9 heavy crossbow "Sniper" {vorpal, Acc+∞ SInv}
 14836 | IceCv    | Reached skill level 11 in Shields
 14982 | IceCv    | Reached skill level 10 in Maces & Flails
 15173 | IceCv    | Reached ***** piety under Okawaru
 15631 | IceCv    | Reached skill level 5 in Invocations
 15753 | IceCv    | Noticed a death yak
 15753 | IceCv    | Noticed a frost giant
 15785 | IceCv    | Killed a frost giant
 15785 | IceCv    | Received a gift from Okawaru
 15786 | IceCv    | Reached XP level 13. HP: 53/80 MP: 11/20
 15971 | IceCv    | Identified the Incunabulum of Sinister Cold
 15976 | IceCv    | Identified Zanal's Collected Works on the Frostbite
 16715 | Lair:2   | Reached skill level 12 in Shields
 17028 | Lair:2   | Found a staircase to the Shoals.
 17787 | Lair:2   | Found a staircase to the Snake Pit.
 17900 | Lair:2   | Learned a level 2 spell: Passwall
 17904 | Lair:2   | Found a runed translucent gate.
 17905 | Lair:2   | Found a runed translucent gate.
 17905 | Lair:2   | Found a runed translucent gate.
 17905 | Lair:2   | Noticed Gadrel's ghost (journeyman OpFi)
 17927 | Lair:2   | Killed Gadrel's ghost
 17968 | Lair:2   | Reached skill level 1 in Earth Magic
 18546 | Lair:3   | Reached ****** piety under Okawaru
 19414 | Lair:3   | Received a gift from Okawaru
 20329 | Lair:4   | Gained mutation: Your large and strong wings let you fly
                  | indefinitely. [Gargoyle growth]
 20329 | Lair:4   | Reached XP level 14. HP: 87/87 MP: 21/21
 20775 | Lair:4   | Reached skill level 1 in Transmutations
 21548 | Lair:5   | Found a staircase to the Slime Pits.
 21562 | Lair:5   | Reached skill level 5 in Earth Magic
 21671 | Lair:5   | Received a gift from Okawaru
 21957 | Lair:5   | Reached skill level 13 in Shields
 22592 | Lair:5   | Reached skill level 10 in Fighting
 22668 | Lair:5   | Reached skill level 10 in Armour
 22708 | Lair:5   | Received a gift from Okawaru
 23519 | Lair:5   | Got a brightly glowing turquoise ring
 23528 | Lair:5   | Identified the ring "Peimod" {rPois AC+4 Str-3 Dex+2} (You
                  | found it on level 5 of the Lair of Beasts)
 24005 | Lair:5   | Found a runed translucent door.
 24009 | Lair:5   | Found a shimmering altar of Xom.
 24009 | Lair:5   | Noticed Panli's ghost (journeyman CeAM)
 24035 | Lair:5   | Killed Panli's ghost
 24870 | Lair:6   | Entered Level 6 of the Lair of Beasts
 25007 | Lair:6   | Reached XP level 15. HP: 66/92 MP: 22/22
 25156 | Lair:6   | Received a gift from Okawaru
 25492 | Lair:6   | Received a gift from Okawaru
 25529 | Lair:6   | Got a pair of distressingly furry boots {god gift}
 25535 | Lair:6   | Identified the +0 pair of boots "Somy" {rPois} (Okawaru
                  | gifted it to you on level 6 of the Lair of Beasts)
 25824 | Lair:6   | Noticed Snorg
 25893 | Lair:6   | HP: 3/93 [Snorg (12)]
 25903 | Lair:6   | HP: 4/93 [Snorg (2)]
 25906 | Lair:6   | Killed Snorg
 28189 | D:6      | Bought a pair of glowing boots for 210 gold pieces
 28357 | Orc:1    | Entered Level 1 of the Orcish Mines
 28964 | Orc:1    | Found a bloodstained altar of Trog.
 29201 | Orc:2    | Entered Level 2 of the Orcish Mines
 29305 | Orc:2    | Reached skill level 14 in Shields
 29435 | Orc:1    | Noticed an orc warlord
 29468 | Orc:2    | Noticed an emperor scorpion
 29468 | Orc:2    | an orc warlord changed into an emperor scorpion
 29507 | Orc:2    | Killed an emperor scorpion
 29508 | Orc:2    | Reached skill level 5 in Transmutations
 29971 | Orc:1    | Paralysed by an orc sorcerer for 7 turns
 30319 | Orc:1    | Reached skill level 1 in Evocations
 30663 | Orc:1    | Received a gift from Okawaru
 31817 | Orc:2    | Reached XP level 16. HP: 77/99 MP: 23/23
 32255 | Orc:2    | Found Reghoifu's General Store.
 32255 | Orc:2    | Found Riwe's Distillery.
 32256 | Orc:2    | Found Izabimick's Weapon Shop.
 32256 | Orc:2    | Found Iloecoh's Gadget Emporium.
 32259 | Orc:2    | Paralysed by an ogre mage for 6 turns
 32294 | Orc:2    | Paralysed by an ogre mage for 6 turns
 32307 | Orc:2    | Mangled by a two-headed ogre

Illustrated notes

Levels and vault maps discovered:
D:1:      heliophobic_arrival_dark_side_of_the_moon, layout_basic
D:2:      cheibrodos_old_hovel, layout_basic, uniq_crazy_yiuf_cottage,
          uniq_natasha
D:3:      layout_loops_cross, gup_sewer_entry_glass,
          nicolae_tso_swordbearing_angel
D:4:      layout_rooms, uniq_menkaure, uniq_sigmund
D:5:      layout_basic
D:6:      layout_gridville, serial_shops, shop, uniq_edmund, uniq_prince_ribbit1
D:7:      minmay_slanted_spiral_squares, layout_gridville,
          nzn_hepliaklqana_mist_gate, grunt_temple_overflow_open,
          minmay_temple_entry_butterflies, uniq_maggie
D:8:      layout_basic, nicolae_overflow_hidden_temple, basic_altar,
          amethyst_killhole, serial_park_tiny_2, yredelemnul_altar_generic
D:9:      layout_cave_pools, lemuel_blue_sif_altar,
          lemuel_coloured_pillars_altar, hangedman_decor_opposing,
          fedhas_ov_isle_minmay
D:10:     layout_layer_cave, lair_entry_dummy, minmay_orc_entry_guard_dogs,
          ebering_ghost_inner_flame, chequers_big_river, minmay_statues_item
D:11:     layout_basic, serial_shops, nicolae_shop_stone, uniq_gastronok,
          uniq_fannar, uniq_erolcha
Temple:   regret_index_temple_waves
Lair:1:   layout_big_grid, minmay_lair_oklob_chamber, uniq_harold
Lair:2:   layout_roguey, minmay_shoals_entry_beasts,
          minmay_snake_entry_guardpost_medium, portal_ice_cave_rime,
          ebering_ghost_rock_garden, infiniplex_staircase_pool
Lair:3:   layout_roguey, grunt_megastairs_1
Lair:4:   layout_cave_pods
Lair:5:   nzn_winding_woodlands_large [nzn_winding_woodlands_5x5_three,
          nzn_winding_woodlands_5x15_longhouse,
          nzn_winding_woodlands_5x5_default,
          nzn_winding_woodlands_center_garden,
          nzn_winding_woodlands_15x15_five_gardens,
          nzn_winding_woodlands_center_diamonds,
          nzn_winding_woodlands_5x5_perimeter,
          nzn_winding_woodlands_5x15_split_checker,
          nzn_winding_woodlands_5x5_default], layout_cave_pods,
          minmay_slime_entry_jelly_boxes, ebering_ghost_xom, st_stairs_4,
          beast_lair_carwin_2
Lair:6:   hangedman_lair_in_review, layout_regular_city, lemuel_fruit_tree,
          uniq_snorg
Orc:1:    layout_caves, trog_hazing_becter
Orc:2:    st_orc_ogre_mass, layout_diamond_mine

Skill      XL: |  1  2  3  4  5  6  7  8  9 10 11 12 13 14 15 16 |
---------------+-------------------------------------------------+-----
Shields        | 4 5 6 7 8 9 10 11 12 13 14 | 14.4
Maces & Flails | 3 4 5 6 7 8 9 10 11 12 13 | 13.2
Fighting       | 4 5 6 7 8 9 10 11 | 11.0
Armour         | 4 5 6 7 8 9 10 | 10.8
Translocations | 1 2 4 5 7 8 9 |  9.0
Spellcasting   | 1 2 3 4 5 |  5.0
Invocations    | 1 3 5 6 7 8 |  8.7
Earth Magic    | 3 7 9 |  9.4
Transmutations | 3 5 |  5.0
Evocations     | 1 2 |  2.1

Action                   |  1- 3 |  4- 6 |  7- 9 | 10-12 | 13-15 | 16-18 || total
-------------------------+-------+-------+-------+-------+-------+-------++-------
Melee: Flail             |   102 |   223 |   385 |       |       |       ||   710
       Whip              |    28 |       |       |       |       |       ||    28
       Morningstar       |       |       |    73 |   862 |  1725 |    88 ||  2748
 Cast: Blink             |       |       |       |     4 |    23 |     6 ||    33
Invok: Heroism           |       |       |       |     1 |     3 |     2 ||     6
       Finesse           |       |       |       |     1 |     2 |     1 ||     4
 Abil: Evoke Flight      |       |       |       |       |     1 |       ||     1
Evoke: Wand              |       |       |       |    19 |    39 |     1 ||    59
  Use: Potion            |     1 |       |     1 |     3 |     4 |       ||     9
       Scroll            |       |     1 |       |    12 |     7 |     2 ||    22
 Stab: Held in net/web   |       |       |       |     2 |       |       ||     2
       Petrified         |       |       |       |       |     8 |       ||     8
Armor: Scale mail        |    91 |   143 |   171 |   248 |   844 |    71 ||  1568
       Plate armour      |       |       |    46 |   321 |       |       ||   367
       Ring mail         |       |       |       |    26 |       |       ||    26
Dodge: Dodged            |    36 |    94 |   159 |   302 |   591 |    64 ||  1246
       Repelled          |       |       |       |       |     4 |       ||     4
Block: Kite shield       |    81 |   145 |   297 |   669 |  1319 |    90 ||  2601
       Reflection        |       |       |     7 |    12 |    30 |       ||    49
